 Dungeon Crawl Stone Soup version 0.29.0-15-g675c0067aa (webtiles) character file.

Game seed: 8754785955491585683

81702 qw the Severer (level 15, 0/141 HPs)
             Began as a Minotaur Berserker on Sept 12, 2022.
             Was an Elder of Trog.
             Slain by a naga
             ... wielding a +1 vorpal hand axe
              (7 damage)
             ... on level 1 of the Snake Pit.
             The game lasted 00:09:43 (29585 turns).

qw the Severer (Minotaur Berserker)                Turns: 29585, Time: 00:09:44

Health: 0/141      AC: 34    Str: 32    XL:     15   Next: 27%
Magic:  14/14      EV: 10    Int:  4    God:    Trog [****..]
Gold:   1069       SH: 12    Dex: 10    Spells: 14/14 levels left

rFire   + . .      SeeInvis .   g - +8 broad axe of Truncation {freeze, Fly rF+ Will+ Str+3}
rCold   + + .      Faith    .   o - +0 kite shield
rNeg    . . .      Spirit   .   i - +3 plate armour {rC+}
rPois   .          Reflect  .   (helmet restricted)
rElec   .          Harm     .   v - +2 cloak
rCorr   +          Rampage  .   z - +2 pair of gloves {hurl}
Will    ++...                   m - +2 pair of boots
Stlth   ..........              d - amulet "Basillitz" {RegenMP rC+ rCorr}
HPRegen 0.33/turn               b - +4 ring of evasion
MPRegen 0.54/turn               x - +4 ring of protection

@: lethally poisoned (0 -> -10), about to teleport, on berserk cooldown, flying,
slowed, constricted, very slow
A: horns 2, retaliatory headbutt
a: Renounce Religion, Berserk, Trog's Hand, Brothers in Arms


You were on level 1 of the Snake Pit.
You worshipped Trog.
Trog was greatly pleased with you.
You visited 4 branches of the dungeon, and saw 23 of its levels.

You collected 2482 gold pieces.
You spent 1413 gold pieces at shops.


Innate Abilities, Weirdness & Mutations

You have a pair of horns on your head.
You reflexively headbutt those who attack you in melee.


   Skills:
 + Level 15.0 Fighting
 - Level 18.0 Axes
 - Level 9.0 Throwing
 - Level 14.0 Armour
 - Level 6.1 Dodging
 - Level 15.0 Shields


You had 14 spell levels left.
You didn't know any spells.
Your spell library was empty.

Inventory:

Hand Weapons
 g - the +8 broad axe of Truncation (weapon) {freeze, Fly rF+ Will+ Str+3}
   (You acquired it on level 1 of the Lair of Beasts)

   It freezes those it strikes, dealing additional cold damage.
   It can also slow down cold-blooded creatures.
   Str:       It affects your strength (+3).
   rF:        It protects you from fire.
   Fly:       It grants you flight.
   Will:      It increases your willpower.
 t - a +0 morningstar
Missiles
 f - 14 boomerangs
 C - 4 silver javelins (quivered)
Armour
 i - a +3 plate armour of cold resistance (worn)
 m - a +2 pair of boots (worn)
 o - a +0 kite shield (worn)
 v - a +2 cloak (worn)
 z - a +2 pair of gloves of hurling (worn)
 A - a +2 plate armour of fire resistance
Jewellery
 b - a +4 ring of evasion (left hand)
 d - the amulet "Basillitz" (around neck) {RegenMP rC+ rCorr}
   (You acquired it on level 1 of the Lair of Beasts)

   [amulet of magic regeneration]

   It increases your rate of magic regeneration.
   rC:        It protects you from cold.
   rCorr:     It protects you from acid and corrosion.
 e - the amulet "Diveics" {Acrobat Rampage Fragile rC+}
   (You found it on level 7 of the Dungeon)

   [amulet of the acrobat]

   It increases your evasion while moving and waiting.
   rC:        It protects you from cold.
   Fragile:   It will be destroyed if unequipped.
   Rampage:   It bestows one free step when moving towards enemies.
 j - a ring of fire
 x - a +4 ring of protection (right hand)
 y - a ring of protection from fire
Scrolls
 a - 8 scrolls of teleportation
 p - 3 scrolls of identify
 B - 3 scrolls of enchant weapon
Potions
 c - 3 potions of mutation
 h - 3 potions of might
 k - 2 potions of haste
 n - 3 potions of resistance
 r - 10 potions of curing
 u - a potion of heal wounds
 w - 2 potions of cancellation

Dungeon Overview and Level Annotations

Branches:
Dungeon (15/15)            Temple (0/1) D:4            Lair (5/5) D:9
 Shoals (0/4) Lair:2        Snake (1/4) Lair:3        Slime (0/5) Lair:4
    Orc (2/2) D:12            Elf (0/3) Orc:2        Vaults (0/5) D:14
 Depths (0/4) D:15

Altars:
Ashenzari
Cheibriados
Elyvilon
Okawaru
Qazlal
Ru
Trog
Uskayaw
Vehumet
Xom
Jiyva

Shops:
D:8 [   Orc:2 ?(([

Portals:
Trove: D:12 (lose all piety)

Annotations:
D:3 2 transporters, qw's ghost, amateur GrFi
D:6 3 runed translucent doors, qw's ghost, novice GrDe


Message History

The naga warrior is moderately wounded.
You hit the naga sharpshooter. You freeze the naga sharpshooter.
You hit the naga. You freeze the naga.
You feel extremely sick. You block the naga mage's attack.
The naga sharpshooter spits poison at you.
The splash of poison hits you but does no damage.
You are more poisoned.
The naga warrior hits you but does no damage.
The naga warrior constricts you.
The naga hits you with a +1 vorpal hand axe.
The naga warrior blocks your attack.
Your headbutt misses the naga warrior.
The naga warrior is moderately wounded.
You hit the naga sharpshooter. You freeze the naga sharpshooter.
You slash the naga! You freeze the naga.
You feel extremely sick. You block the naga mage's attack.
The naga sharpshooter shoots a bolt.
You block the bolt.
The naga hits you with a +1 vorpal hand axe!
The naga warrior roars a battlecry!
The naga mage goes into a battle-frenzy!
The naga warrior constricts you.
29584 ||| READING 9 scrolls of teleportation.
As you read the scroll of teleportation, it crumbles to dust.
You feel strangely unstable.
You feel extremely sick. The naga mage completely misses you.
The naga sharpshooter mumbles some strange words.
The naga sharpshooter magically shoots a bolt.
You block the bolt. You block the naga warrior's attack.
The naga warrior constricts you.
The naga hits you with a +1 vorpal hand axe.
The naga mage hits you but does no damage.
The naga sharpshooter shoots a bolt.
The bolt hits you!
29585 ||| DRINKING 2 potions of heal wounds.
You feel much better.
You feel very sick.
The naga sharpshooter no longer looks unusually strong.
The naga hits you with a +1 vorpal hand axe!!
You die...

.........## #.
..........# #..
...........##..# ##
..............# #.. ##.#
.............# ...###...
.............# ........#
........)N..# .......##
......N.@N..# .......#
.........N.(## #.....
.......)..#..#######.....
........%###..(..##......
........))##(............
.........)........:....#.
......................###
........................#
........................#


You could see a naga warrior, a naga sharpshooter, a naga mage (strong) and a
naga (strong).

Vanquished Creatures
  Kirke (Lair:4)
  An orc warlord (Orc:2)
  A stone giant (D:15)
  Nessos (Lair:4)
  A vault guard (D:14)
  2 hydras
  10 two-headed ogres
  4 catoblepae
  An ogre mage (Orc:2)
  4 centaur warriors
  Erica (Orc:1)
  3 boulder beetles
  6 death yaks (Lair:5)
  3 shock serpents (Snake:1)
  A salamander mystic (Snake:1)
  4 orc knights
  3 deep elf pyromancers
  3 cyclopes
  2 orc sorcerers (Orc:1)
  5 salamanders (Snake:1)
  12 ugly things
  An oklob plant (Lair:3)
  4 manticores
  4 elephants (Lair:2)
  9 black mambas
  A torpor snail (Lair:4)
  2 gargoyles
  11 cane toads
  4 rime drakes
  10 komodo dragons
  A kobold demonologist (D:13)
  An unseen horror (D:11)
  A yaktaur (D:14)
  An efreet (D:15)
  A meliai (shapeshifter) (D:14)
  A troll (shapeshifter) (D:14)
  5 trolls
  A polar bear (Lair:3)
  2 hornets (D:7)
  11 slime creatures
  22 blink frogs
  4 wraiths
  40 yaks
  A vampire (D:12)
  3 wyverns
  Eustachio (D:5)
  5 basilisks
  7 hogs (Lair:4)
  3 steam dragons
  6 wargs
  16 vampire mosquitoes
  An acid dragon (D:12)
  6 nagas
  14 water moccasins
  15 orc warriors
  3 sky beasts
  2 black bears
  15 wolves
  9 centaurs
  8 ogres
  9 bullfrogs
  2 necrophages
  A gnoll sergeant (D:4)
  2 scorpions
  4 wights (D:8)
  A hornet simulacrum (D:15)
  16 killer bees
  3 electric eels (Lair:1)
  6 howler monkeys
  5 hounds
  2 jellies
  A gnoll bouda (D:7)
  20 orc priests
  4 iguanas
  19 orc wizards
  11 gnolls
  7 adders
  A shadow imp (D:5)
  A white imp (D:5)
  3 ufetubi
  2 worms (D:4)
  4 dart slugs
  82 orcs
  3 bats
  7 endoplasms
  5 giant cockroaches
  15 goblins
  11 hobgoblins
  4 quokkas
  6 ball pythons
  7 frilled lizards
  12 kobolds
  5 rats (D:1)
602 creatures vanquished.

Vanquished Creatures (collateral kills)
  A hydra (D:13)
  An orc wizard (Orc:2)
2 creatures vanquished.

Vanquished Creatures (others)
  A butterfly (D:7)
  14 fungi
  40 plants
55 creatures vanquished.

Grand Total: 659 creatures vanquished

Notes
Turn   | Place    | Note
-------+----------+-------------------------------------------
     0 | D:1      | qw the Minotaur Berserker began the quest for the Orb.
     0 | D:1      | Reached XP level 1. HP: 19/19 MP: 0/0
     0 | D:1      | 0 ||| qw: Version: 0.1-a-119-g272c26d
     0 | D:1      | 0 ||| qw: Game counter: 10753
     0 | D:1      | 0 ||| qw: Always use a shield: true
     0 | D:1      | 0 ||| qw: Do Orc after D:15 true
     0 | D:1      | 0 ||| qw: Do second Lair branch before Depths: true
     0 | D:1      | 0 ||| qw: Lair rune preference: random
     0 | D:1      | 0 ||| qw: Plans: Normal
     0 | D:1      | 0 ||| PLANNING D:1-11
    57 | D:1      | Reached skill level 4 in Axes
    57 | D:1      | 57 ||| INVOKING Berserk.
   339 | D:1      | Reached XP level 2. HP: 26/26 MP: 1/1
   368 | D:1      | 368 ||| Stepping ~*~*~tactically~*~*~ (stealth).
   369 | D:1      | 369 ||| Stepping ~*~*~tactically~*~*~ (stealth).
   370 | D:1      | 370 ||| Stepping ~*~*~tactically~*~*~ (stealth).
   372 | D:1      | 372 ||| Stepping ~*~*~tactically~*~*~ (stealth).
   373 | D:1      | 373 ||| Stepping ~*~*~tactically~*~*~ (stealth).
   375 | D:1      | 375 ||| Stepping ~*~*~tactically~*~*~ (stealth).
   376 | D:1      | 376 ||| Stepping ~*~*~tactically~*~*~ (stealth).
   682 | D:1      | 682 ||| Stepping ~*~*~tactically~*~*~ (hiding).
   911 | D:1      | Reached skill level 5 in Axes
  1155 | D:1      | 1155 ||| UPGRADING to +0 ring mail.
  1165 | D:1      | 1165 ||| DROPPING +0 animal skin.
  1166 | D:1      | 1166 ||| UPGRADING to +0 scale mail.
  1176 | D:1      | 1176 ||| DROPPING +0 ring mail.
  1177 | D:1      | 1177 ||| READING scroll labelled KUGAFO WE ATA.
  1178 | D:1      | 1178 ||| READING scroll labelled LIMNERH GOGUPS.
  1179 | D:1      | 1179 ||| READING scroll labelled JAOXKU BACUDAJ.
  1180 | D:1      | 1180 ||| READING scroll labelled RAKHAS ICODOZU.
  1185 | D:1      | 1185 ||| READING scroll labelled FUAR UMIESEGHA.
  1208 | D:2      | 1208 ||| STAIRDANCE
  1211 | D:1      | Reached XP level 3. HP: 31/31 MP: 2/2
  1462 | D:2      | 1462 ||| Stepping ~*~*~tactically~*~*~ (hiding).
  1463 | D:2      | 1463 ||| Stepping ~*~*~tactically~*~*~ (hiding).
  1550 | D:2      | 1550 ||| Stepping ~*~*~tactically~*~*~ (stealth).
  1551 | D:2      | 1551 ||| Stepping ~*~*~tactically~*~*~ (stealth).
  1554 | D:2      | 1554 ||| Stepping ~*~*~tactically~*~*~ (stealth).
  1560 | D:2      | 1560 ||| INVOKING Berserk.
  1564 | D:2      | Reached skill level 6 in Axes
  1564 | D:2      | Reached XP level 4. HP: 39/39 MP: 3/3
  1752 | D:2      | 1752 ||| Stepping ~*~*~tactically~*~*~ (stealth).
  1808 | D:2      | Reached ** piety under Trog
  1839 | D:2      | 1839 ||| Stepping ~*~*~tactically~*~*~ (stealth).
  2007 | D:2      | 2007 ||| READING scroll labelled FUEMOI GOUQ.
  2008 | D:2      | 2008 ||| READING scroll labelled CUBUXEA FIFOM.
  2008 | D:2      | Identified a scroll of acquirement
  2008 | D:2      | 2008 ||| ACQUIRING +4 ring of evasion
  2008 | D:2      | Acquired a +4 ring of evasion
  2010 | D:2      | 2010 ||| UPGRADING to +4 ring of evasion.
  2011 | D:2      | 2011 ||| READING scroll labelled RIJIARH AJOPS.
  2058 | D:3      | 2058 ||| DROPPING +0 whip.
  2155 | D:3      | 2155 ||| Stepping ~*~*~tactically~*~*~ (hiding).
  2247 | D:3      | Found a hide-covered altar of Uskayaw.
  2325 | D:3      | Found a transporter.
  2325 | D:3      | Noticed qw's ghost (amateur GrFi)
  2326 | D:3      | Found a transporter.
  2362 | D:3      | 2362 ||| Stepping ~*~*~tactically~*~*~ (stealth).
  2372 | D:3      | 2372 ||| Stepping ~*~*~tactically~*~*~ (stealth).
  2373 | D:3      | 2373 ||| Stepping ~*~*~tactically~*~*~ (stealth).
  2375 | D:3      | 2375 ||| INVOKING Berserk.
  2379 | D:3      | Reached skill level 7 in Axes
  2379 | D:3      | Reached XP level 5. HP: 45/45 MP: 4/4
  2794 | D:3      | 2794 ||| UPGRADING to ring of positive energy.
  2795 | D:3      | 2795 ||| READING scroll labelled CYTIFY RINK.
  2796 | D:3      | 2796 ||| READING scroll labelled LABUEM VAMM.
  2797 | D:3      | 2797 ||| READING 2 scrolls of teleportation.
  2829 | D:4      | 2829 ||| Stepping ~*~*~tactically~*~*~ (hiding).
  2864 | D:4      | 2864 ||| Stepping ~*~*~tactically~*~*~ (hiding).
  2866 | D:4      | 2866 ||| INVOKING Berserk.
  3015 | D:4      | 3015 ||| Stepping ~*~*~tactically~*~*~ (stealth).
  3098 | D:4      | Found a shimmering altar of Xom.
  3105 | D:4      | 3105 ||| INVOKING Berserk.
  3351 | D:4      | Found a staircase to the Ecumenical Temple.
  3361 | D:4      | 3361 ||| Stepping ~*~*~tactically~*~*~ (hiding).
  3364 | D:4      | 3364 ||| INVOKING Berserk.
  3370 | D:4      | Reached skill level 8 in Axes
  3370 | D:4      | Reached XP level 6. HP: 52/52 MP: 5/5
  3598 | D:4      | 3598 ||| DROPPING +1 mace of protection.
  4174 | D:4      | 4174 ||| Stepping ~*~*~tactically~*~*~ (hiding).
  4289 | D:4      | 4289 ||| INVOKING Berserk.
  4314 | D:4      | Reached skill level 9 in Axes
  4449 | D:4      | 4449 ||| UPGRADING to ring of resist corrosion.
  4451 | D:4      | 4451 ||| READING scroll labelled PAAFASCHAHO.
  4598 | D:4      | 4598 ||| READING scroll labelled WUVVAU JITSIOMN.
  4699 | D:4      | 4699 ||| READING scroll labelled IJIANO KITAEM.
  4700 | D:4      | 4700 ||| DRINKING 2 fuming dark potions.
  4701 | D:4      | 4701 ||| DRINKING 2 lumpy sapphire potions.
  4802 | D:4      | 4802 ||| READING 3 scrolls of identify.
  4802 | D:4      | 4802 ||| IDENTIFYING black potion
  4803 | D:4      | 4803 ||| READING 2 scrolls of identify.
  4803 | D:4      | 4803 ||| IDENTIFYING fuming black potion
  4804 | D:4      | 4804 ||| DROPPING potion of degeneration.
  4805 | D:4      | 4805 ||| DROPPING potion of attraction.
  4806 | D:4      | 4806 ||| DROPPING potion of ambrosia.
  4818 | D:5      | Entered Level 5 of the Dungeon
  4924 | D:5      | Reached *** piety under Trog
  4944 | D:5      | 4944 ||| FLEEEEING.
  4945 | D:5      | 4945 ||| FLEEEEING.
  4951 | D:5      | 4951 ||| FLEEEEING.
  4952 | D:5      | 4952 ||| FLEEEEING.
  4953 | D:5      | 4953 ||| FLEEEEING.
  4958 | D:5      | 4958 ||| STAIRDANCE
  5025 | D:4      | 5025 ||| UPGRADING to +0 chain mail.
  5035 | D:4      | 5035 ||| DROPPING +0 scale mail.
  5038 | D:5      | 5038 ||| INVOKING Berserk.
  5043 | D:5      | Reached XP level 7. HP: 60/61 MP: 6/6
  5043 | D:5      | 5043 ||| STAIRDANCE
  5197 | D:5      | Reached skill level 3 in Armour
  5233 | D:5      | 5233 ||| Stepping ~*~*~tactically~*~*~ (stealth).
  5235 | D:5      | 5235 ||| Stepping ~*~*~tactically~*~*~ (hiding).
  5351 | D:5      | Noticed Eustachio
  5374 | D:5      | 5374 ||| INVOKING Berserk.
  5377 | D:5      | Killed Eustachio
  5378 | D:5      | Reached skill level 10 in Axes
  5545 | D:5      | 5545 ||| INVOKING Berserk.
  5556 | D:5      | Reached skill level 6 in Fighting
  5556 | D:5      | Reached XP level 8. HP: 70/70 MP: 7/7
  5627 | D:5      | 5627 ||| DROPPING +0 morningstar of distortion.
  5950 | D:5      | 5950 ||| READING scroll labelled USA TAYMMEABUO.
  6168 | D:6      | Reached skill level 11 in Axes
  6280 | D:6      | 6280 ||| Stepping ~*~*~tactically~*~*~ (hiding).
  6409 | D:6      | Found a snail-covered altar of Cheibriados.
  6436 | D:6      | 6436 ||| Stepping ~*~*~tactically~*~*~ (stealth).
  6437 | D:6      | 6437 ||| Stepping ~*~*~tactically~*~*~ (stealth).
  6474 | D:6      | Noticed qw's ghost (novice GrDe)
  6589 | D:6      | Found a runed translucent gate.
  6589 | D:6      | Found a runed translucent gate.
  6589 | D:6      | Found a runed translucent gate.
  6593 | D:6      | Identified the +3 spear "Riuziam" {flame, Str+3}
  6604 | D:6      | Identified the +3 leather armour of Action {Rampage Str-5
                  | Int-4 Dex+9}
  6615 | D:6      | Reached skill level 12 in Axes
  6749 | D:6      | 6749 ||| INVOKING Berserk.
  6878 | D:6      | 6878 ||| UPGRADING to +0 kite shield.
  6883 | D:6      | 6883 ||| UPGRADING to +1 chain mail of fire resistance.
  6893 | D:6      | 6893 ||| DROPPING +0 chain mail.
  6894 | D:6      | 6894 ||| DRINKING 4 fuming clear potions.
  6940 | D:7      | 6940 ||| DROPPING +0 flail.
  6941 | D:7      | Identified the amulet "Diveics" {Acrobat Rampage Fragile
                  | rC+}
  6960 | D:7      | 6960 ||| INVOKING Berserk.
  6962 | D:7      | Reached skill level 1 in Shields
  7229 | D:7      | 7229 ||| INVOKING Berserk.
  7233 | D:7      | Reached skill level 3 in Shields
  7377 | D:7      | Noticed a hornet
  7384 | D:7      | Paralysed by a hornet for 2 turns
  7387 | D:7      | 7387 ||| INVOKING Berserk.
  7389 | D:7      | HP: 17/105 [hornet (12)]
  7391 | D:7      | Killed a hornet
  7392 | D:7      | Reached XP level 9. HP: 11/75 MP: 8/8
  7392 | D:7      | HP: 8/112 [poisoned by a hornet]
  7394 | D:7      | HP: 1/75 [poisoned by a hornet]
  7395 | D:7      | 7395 ||| DRINKING 3 potions of curing.
  7395 | D:7      | 7395 ||| (to cure poison)
  7721 | D:7      | Reached skill level 6 in Shields
  7797 | D:7      | Found an iron altar of Okawaru.
  7867 | D:7      | Found a white marble altar of Elyvilon.
  7888 | D:7      | 7888 ||| Stepping ~*~*~tactically~*~*~ (stealth).
  7889 | D:7      | 7889 ||| Stepping ~*~*~tactically~*~*~ (stealth).
  7890 | D:7      | 7890 ||| Stepping ~*~*~tactically~*~*~ (stealth).
  7891 | D:7      | 7891 ||| Stepping ~*~*~tactically~*~*~ (stealth).
  7895 | D:7      | 7895 ||| Stepping ~*~*~tactically~*~*~ (stealth).
  8032 | D:7      | You fall into a shaft and drop 2 floors!
  8040 | D:9      | 8040 ||| Stepping ~*~*~tactically~*~*~ (stealth).
  8043 | D:9      | 8043 ||| Stepping ~*~*~tactically~*~*~ (stealth).
  8234 | D:9      | 8234 ||| UPGRADING to +0 cloak.
  8239 | D:9      | 8239 ||| DROPPING ring of flight.
  8240 | D:9      | 8240 ||| READING scroll labelled PAD TOTTOPRUT.
  8241 | D:9      | 8241 ||| DRINKING 3 white potions.
  8242 | D:9      | 8242 ||| READING 5 scrolls of identify.
  8242 | D:9      | 8242 ||| IDENTIFYING dark potion
  8243 | D:9      | 8243 ||| READING 4 scrolls of identify.
  8243 | D:9      | 8243 ||| IDENTIFYING murky inky potion
  8244 | D:9      | 8244 ||| READING 3 scrolls of identify.
  8244 | D:9      | 8244 ||| IDENTIFYING sedimented coppery potion
  8245 | D:9      | 8245 ||| READING 2 scrolls of identify.
  8245 | D:9      | 8245 ||| IDENTIFYING brown potion
  8246 | D:9      | 8246 ||| DROPPING potion of flight.
  8247 | D:9      | 8247 ||| DROPPING potion of lignification.
  8248 | D:9      | 8248 ||| DROPPING potion of magic.
  8273 | D:8      | Found a broken altar of Ashenzari.
  8300 | D:8      | 8300 ||| READING scroll labelled OCIEMI RAJETO.
  8566 | D:8      | 8566 ||| SWAPPING to +0 war axe.
  8567 | D:8      | 8567 ||| DROPPING +1 hand axe.
  8581 | D:8      | Found a radiant altar of Vehumet.
  8634 | D:8      | Found a flagged portal.
  8887 | D:8      | Found Tehaniduro's Armour Emporium.
  8895 | D:8      | 8895 ||| BUYING +0 pair of boots (58 gold).
  8895 | D:8      | Bought a +0 pair of boots for 58 gold pieces
  8895 | D:8      | 8895 ||| BUYING +0 plate armour (299 gold).
  8895 | D:8      | Bought a +0 plate armour for 299 gold pieces
  8912 | D:8      | 8912 ||| INVOKING Berserk.
  8915 | D:8      | Reached skill level 9 in Shields
  8918 | D:8      | Reached **** piety under Trog
  9050 | D:8      | 9050 ||| READING scroll of enchant weapon.
  9050 | D:8      | 9050 ||| ENCHANTING +0 war axe.
  9131 | D:8      | 9131 ||| Stepping ~*~*~tactically~*~*~ (stealth).
  9137 | D:8      | 9137 ||| Stepping ~*~*~tactically~*~*~ (stealth).
  9140 | D:8      | 9140 ||| Stepping ~*~*~tactically~*~*~ (stealth).
  9145 | D:8      | 9145 ||| INVOKING Berserk.
  9543 | D:8      | 9543 ||| UPGRADING to +0 pair of boots.
  9548 | D:8      | 9548 ||| UPGRADING to +0 plate armour.
  9558 | D:8      | 9558 ||| UPGRADING to +2 cloak.
  9568 | D:8      | 9568 ||| DROPPING +0 cloak.
  9569 | D:8      | 9569 ||| UPGRADING to +6 ring of strength.
  9571 | D:8      | 9571 ||| DROPPING ring of positive energy.
  9572 | D:8      | 9572 ||| DROPPING ring of resist corrosion.
  9657 | D:9      | Found a staircase to the Lair.
  9709 | D:9      | 9709 ||| Stepping ~*~*~tactically~*~*~ (cloud).
  9712 | D:9      | 9712 ||| INVOKING Berserk.
  9717 | D:9      | Reached XP level 10. HP: 86/86 MP: 9/9
  9994 | D:9      | Found a bloodstained altar of Trog.
 10003 | D:9      | 10003 ||| READING scroll of enchant armour.
 10003 | D:9      | 10003 ||| ENCHANTING +0 pair of boots.
 10033 | D:9      | 10033 ||| Stepping ~*~*~tactically~*~*~ (stealth).
 10043 | D:9      | Reached skill level 6 in Armour
 10155 | D:9      | 10155 ||| Stepping ~*~*~tactically~*~*~ (stealth).
 10257 | D:9      | 10257 ||| INVOKING Berserk.
 10260 | D:9      | Reached skill level 13 in Axes
 10343 | D:9      | 10343 ||| Stepping ~*~*~tactically~*~*~ (stealth).
 10347 | D:9      | 10347 ||| INVOKING Berserk.
 10585 | D:9      | Found a stormy altar of Qazlal.
 10602 | D:9      | 10602 ||| Stepping ~*~*~tactically~*~*~ (hiding).
 10604 | D:9      | 10604 ||| INVOKING Berserk.
 10815 | D:9      | 10815 ||| Stepping ~*~*~tactically~*~*~ (hiding).
 10816 | D:9      | 10816 ||| Stepping ~*~*~tactically~*~*~ (hiding).
 10943 | D:9      | Reached skill level 3 in Throwing
 10956 | D:9      | 10956 ||| FLEEEEING.
 10957 | D:9      | 10957 ||| FLEEEEING.
 10958 | D:9      | 10958 ||| FLEEEEING.
 10959 | D:9      | 10959 ||| FLEEEEING.
 10960 | D:9      | 10960 ||| FLEEEEING.
 10961 | D:9      | 10961 ||| FLEEEEING.
 10962 | D:9      | 10962 ||| FLEEEEING.
 10963 | D:9      | 10963 ||| FLEEEEING.
 10964 | D:9      | 10964 ||| FLEEEEING.
 10965 | D:9      | 10965 ||| FLEEEEING.
 10966 | D:9      | 10966 ||| FLEEEEING.
 10967 | D:9      | 10967 ||| FLEEEEING.
 10968 | D:9      | 10968 ||| FLEEEEING.
 10969 | D:9      | 10969 ||| FLEEEEING.
 10970 | D:9      | 10970 ||| FLEEEEING.
 10971 | D:9      | 10971 ||| FLEEEEING.
 10972 | D:9      | 10972 ||| FLEEEEING.
 10973 | D:9      | 10973 ||| FLEEEEING.
 10974 | D:9      | 10974 ||| FLEEEEING.
 10975 | D:9      | 10975 ||| FLEEEEING.
 10976 | D:9      | 10976 ||| FLEEEEING.
 10977 | D:9      | 10977 ||| FLEEEEING.
 10978 | D:9      | 10978 ||| FLEEEEING.
 10979 | D:9      | 10979 ||| FLEEEEING.
 10980 | D:9      | 10980 ||| FLEEEEING.
 10981 | D:9      | 10981 ||| FLEEEEING.
 10982 | D:9      | 10982 ||| FLEEEEING.
 10983 | D:9      | 10983 ||| FLEEEEING.
 10984 | D:9      | 10984 ||| FLEEEEING.
 10985 | D:9      | 10985 ||| FLEEEEING.
 10986 | D:9      | 10986 ||| FLEEEEING.
 10987 | D:9      | 10987 ||| FLEEEEING.
 10988 | D:9      | 10988 ||| FLEEEEING.
 10989 | D:9      | 10989 ||| FLEEEEING.
 10990 | D:9      | 10990 ||| FLEEEEING.
 10991 | D:9      | 10991 ||| FLEEEEING.
 10992 | D:9      | 10992 ||| FLEEEEING.
 10993 | D:9      | 10993 ||| FLEEEEING.
 10994 | D:9      | 10994 ||| FLEEEEING.
 10995 | D:9      | 10995 ||| STAIRDANCE
 11054 | D:8      | 11054 ||| READING scroll labelled ABRE VAWOL.
 11162 | D:9      | 11162 ||| PLANNING LAIR
 11162 | D:9      | 11162 ||| DROPPING ring of ice.
 11179 | D:9      | Noticed a deep elf pyromancer
 11180 | D:9      | 11180 ||| Stepping ~*~*~tactically~*~*~ (hiding).
 11181 | D:9      | 11181 ||| Stepping ~*~*~tactically~*~*~ (hiding).
 11189 | D:9      | Killed a deep elf pyromancer
 11235 | Lair:1   | Entered Level 1 of the Lair of Beasts
 11290 | Lair:1   | Noticed a black mamba
 11293 | Lair:1   | 11293 ||| INVOKING Berserk.
 11303 | Lair:1   | Killed a black mamba
 11484 | Lair:1   | Noticed a cane toad
 11487 | Lair:1   | 11487 ||| INVOKING Berserk.
 11490 | Lair:1   | Killed a cane toad
 11590 | Lair:1   | 11590 ||| READING 2 scrolls of acquirement.
 11590 | Lair:1   | 11590 ||| ACQUIRING +8 broad axe of Truncation {freeze, Fly
                  | rF+ Will+ Str+3}
 11590 | Lair:1   | Acquired the +8 broad axe of Truncation {freeze, Fly rF+
                  | Will+ Str+3}
 11592 | Lair:1   | 11592 ||| SWAPPING to +8 broad axe of Truncation {freeze,
                  | Fly rF+ Will+ Str+3}.
 11593 | Lair:1   | 11593 ||| DROPPING +1 war axe.
 11594 | Lair:1   | 11594 ||| READING scroll of acquirement.
 11594 | Lair:1   | 11594 ||| ACQUIRING amulet "Basillitz" {RegenMP rC+ rCorr}
 11594 | Lair:1   | Acquired the amulet "Basillitz" {RegenMP rC+ rCorr}
 11596 | Lair:1   | 11596 ||| UPGRADING to amulet "Basillitz" {RegenMP rC+
                  | rCorr}.
 11709 | Lair:1   | 11709 ||| INVOKING Berserk.
 11825 | Lair:1   | Noticed a cane toad
 11828 | Lair:1   | 11828 ||| INVOKING Berserk.
 11830 | Lair:1   | Reached skill level 14 in Axes
 11831 | Lair:1   | Killed a cane toad
 11840 | Lair:1   | HP: 20/90 [electric eel/bolt of electricity (6)]
 11841 | Lair:1   | 11841 ||| READING 5 scrolls of teleportation.
 12178 | Lair:1   | 12178 ||| INVOKING Berserk.
 12309 | Lair:1   | 12309 ||| INVOKING Berserk.
 12311 | Lair:1   | Reached skill level 3 in Dodging
 12318 | Lair:1   | Reached XP level 11. HP: 95/95 MP: 10/10
 12862 | Lair:1   | 12862 ||| UPGRADING to +0 pair of gloves.
 12867 | Lair:1   | 12867 ||| READING 3 scrolls of identify.
 12867 | Lair:1   | 12867 ||| IDENTIFYING coppery potion
 12920 | Lair:2   | Noticed a boulder beetle
 12924 | Lair:2   | 12924 ||| INVOKING Berserk.
 12932 | Lair:2   | Killed a boulder beetle
 13000 | Lair:2   | Reached skill level 15 in Axes
 13003 | Lair:2   | Reached skill level 9 in Fighting
 13072 | Lair:2   | Identified the +2 chain mail of Conscience {+Inv rElec}
 13248 | Lair:2   | 13248 ||| INVOKING Berserk.
 13394 | Lair:2   | Found a staircase to the Shoals.
 13408 | Lair:2   | 13408 ||| INVOKING Berserk.
 13416 | Lair:2   | Noticed a boulder beetle
 13427 | Lair:2   | Killed a boulder beetle
 13428 | Lair:2   | Reached skill level 16 in Axes
 13660 | Lair:2   | 13660 ||| INVOKING Berserk.
 13786 | Lair:2   | 13786 ||| INVOKING Berserk.
 13788 | Lair:2   | Reached skill level 9 in Armour
 14284 | Lair:2   | 14284 ||| DROPPING +2 chain mail of Conscience {+Inv
                  | rElec}.
 14285 | Lair:2   | 14285 ||| READING 2 scrolls of identify.
 14285 | Lair:2   | 14285 ||| IDENTIFYING fuming red potion
 14286 | Lair:2   | 14286 ||| DROPPING potion of invisibility.
 14298 | Lair:3   | 14298 ||| Stepping ~*~*~tactically~*~*~ (hiding).
 14377 | Lair:3   | Reached XP level 12. HP: 104/104 MP: 11/11
 14389 | Lair:3   | 14389 ||| Stepping ~*~*~tactically~*~*~ (stealth).
 14392 | Lair:3   | 14392 ||| Stepping ~*~*~tactically~*~*~ (stealth).
 14394 | Lair:3   | 14394 ||| INVOKING Berserk.
 14410 | Lair:3   | Reached skill level 17 in Axes
 14533 | Lair:3   | 14533 ||| INVOKING Berserk.
 14744 | Lair:3   | Found a staircase to the Snake Pit.
 14760 | Lair:3   | HP: 24/105 [naga/+0 war axe (5)]
 14762 | Lair:3   | 14762 ||| READING 4 scrolls of teleportation.
 14763 | Lair:3   | 14763 ||| DRINKING potion of heal wounds.
 14764 | Lair:3   | 14764 ||| INVOKING Berserk.
 14765 | Lair:3   | HP: 39/157 [poisoned by a naga (splash of poison)]
 14770 | Lair:3   | HP: 21/105 [poisoned by a naga (splash of poison)]
 15145 | Lair:3   | 15145 ||| INVOKING Berserk.
 15467 | Lair:3   | 15467 ||| INVOKING Berserk.
 15757 | Lair:3   | 15757 ||| INVOKING Berserk.
 16476 | Lair:4   | 16476 ||| Stepping ~*~*~tactically~*~*~ (stealth).
 16478 | Lair:4   | 16478 ||| Stepping ~*~*~tactically~*~*~ (stealth).
 16621 | Lair:4   | 16621 ||| Stepping ~*~*~tactically~*~*~ (stealth).
 16622 | Lair:4   | 16622 ||| Stepping ~*~*~tactically~*~*~ (stealth).
 16625 | Lair:4   | 16625 ||| Stepping ~*~*~tactically~*~*~ (stealth).
 16628 | Lair:4   | 16628 ||| INVOKING Berserk.
 16659 | Lair:4   | Reached skill level 18 in Axes
 16798 | Lair:4   | 16798 ||| INVOKING Berserk.
 16970 | Lair:4   | Noticed Kirke
 16971 | Lair:4   | 16971 ||| INVOKING Trog's Hand.
 16988 | Lair:4   | Killed Kirke
 17079 | Lair:4   | Found a viscous altar of Jiyva.
 17080 | Lair:4   | Found a staircase to the Slime Pits.
 17120 | Lair:4   | Noticed Nessos
 17121 | Lair:4   | 17121 ||| Stepping ~*~*~tactically~*~*~ (hiding).
 17122 | Lair:4   | 17122 ||| Stepping ~*~*~tactically~*~*~ (hiding).
 17124 | Lair:4   | 17124 ||| Stepping ~*~*~tactically~*~*~ (hiding).
 17126 | Lair:4   | 17126 ||| Stepping ~*~*~tactically~*~*~ (hiding).
 17127 | Lair:4   | 17127 ||| Stepping ~*~*~tactically~*~*~ (hiding).
 17128 | Lair:4   | 17128 ||| Stepping ~*~*~tactically~*~*~ (hiding).
 17134 | Lair:4   | Killed Nessos
 17518 | Lair:4   | 17518 ||| READING 5 scrolls of identify.
 17518 | Lair:4   | 17518 ||| IDENTIFYING viscous purple potion
 17538 | Lair:5   | Entered Level 5 of the Lair of Beasts
 17540 | Lair:5   | 17540 ||| STAIRDANCE
 17544 | Lair:5   | 17544 ||| STAIRDANCE
 17667 | Lair:5   | 17667 ||| STAIRDANCE
 17669 | Lair:4   | 17669 ||| INVOKING Berserk.
 17673 | Lair:4   | Reached XP level 13. HP: 116/116 MP: 12/12
 17744 | Lair:5   | 17744 ||| STAIRDANCE
 17746 | Lair:4   | 17746 ||| INVOKING Berserk.
 17749 | Lair:4   | Reached skill level 12 in Shields
 17869 | Lair:5   | 17869 ||| INVOKING Berserk.
 17877 | Lair:5   | 17877 ||| STAIRDANCE
 18036 | Lair:5   | 18036 ||| INVOKING Berserk.
 18226 | Lair:5   | 18226 ||| Stepping ~*~*~tactically~*~*~ (hiding).
 18340 | Lair:5   | 18340 ||| Stepping ~*~*~tactically~*~*~ (stealth).
 18343 | Lair:5   | 18343 ||| Stepping ~*~*~tactically~*~*~ (hiding).
 18345 | Lair:5   | 18345 ||| Stepping ~*~*~tactically~*~*~ (hiding).
 18346 | Lair:5   | 18346 ||| Stepping ~*~*~tactically~*~*~ (hiding).
 18393 | Lair:5   | 18393 ||| INVOKING Brothers in Arms.
 18396 | Lair:5   | 18396 ||| SWAPPING to +0 morningstar.
 18397 | Lair:5   | 18397 ||| INVOKING Berserk.
 18422 | Lair:5   | 18422 ||| SWAPPING to +8 broad axe of Truncation {freeze,
                  | Fly rF+ Will+ Str+3}.
 18428 | Lair:5   | 18428 ||| Stepping ~*~*~tactically~*~*~ (stealth).
 18599 | Lair:5   | 18599 ||| Stepping ~*~*~tactically~*~*~ (cloud).
 18600 | Lair:5   | 18600 ||| INVOKING Berserk.
 18690 | Lair:5   | 18690 ||| Stepping ~*~*~tactically~*~*~ (stealth).
 18694 | Lair:5   | 18694 ||| Stepping ~*~*~tactically~*~*~ (hiding).
 18699 | Lair:5   | 18699 ||| INVOKING Berserk.
 18704 | Lair:5   | Reached skill level 12 in Fighting
 18830 | Lair:5   | 18830 ||| Stepping ~*~*~tactically~*~*~ (stealth).
 18832 | Lair:5   | 18832 ||| Stepping ~*~*~tactically~*~*~ (stealth).
 18837 | Lair:5   | 18837 ||| INVOKING Berserk.
 18862 | Lair:5   | 18862 ||| Stepping ~*~*~tactically~*~*~ (stealth).
 18870 | Lair:5   | 18870 ||| Stepping ~*~*~tactically~*~*~ (stealth).
 19052 | Lair:5   | 19052 ||| Stepping ~*~*~tactically~*~*~ (stealth).
 19055 | Lair:5   | 19055 ||| INVOKING Berserk.
 19220 | Lair:5   | 19220 ||| Stepping ~*~*~tactically~*~*~ (cloud).
 19225 | Lair:5   | 19225 ||| Stepping ~*~*~tactically~*~*~ (cloud).
 19234 | Lair:5   | 19234 ||| Stepping ~*~*~tactically~*~*~ (cloud).
 19237 | Lair:5   | 19237 ||| INVOKING Berserk.
 19448 | Lair:5   | Identified the +1 ring mail of the Elephant {Dex+4 Stlth+}
 19459 | Lair:5   | 19459 ||| INVOKING Berserk.
 19989 | Lair:5   | Identified the +8 whip of Beyond {protect, Contam MP+9
                  | Dex+2}
 19995 | Lair:5   | 19995 ||| PLANNING D:1-11
 19995 | Lair:5   | 19995 ||| UPGRADING to +4 ring of protection.
 19997 | Lair:5   | 19997 ||| DROPPING +6 ring of strength.
 19998 | Lair:5   | 19998 ||| READING 4 scrolls of identify.
 19998 | Lair:5   | 19998 ||| IDENTIFYING ruby potion
 19999 | Lair:5   | 19999 ||| DROPPING potion of berserk rage.
 20184 | D:10     | Entered Level 10 of the Dungeon
 20250 | D:10     | 20250 ||| INVOKING Berserk.
 20970 | D:10     | Reached skill level 6 in Throwing
 21098 | D:10     | 21098 ||| Stepping ~*~*~tactically~*~*~ (stealth).
 21262 | D:11     | 21262 ||| Stepping ~*~*~tactically~*~*~ (stealth).
 21384 | D:11     | 21384 ||| Stepping ~*~*~tactically~*~*~ (stealth).
 21388 | D:11     | 21388 ||| Stepping ~*~*~tactically~*~*~ (stealth).
 21392 | D:11     | 21392 ||| Stepping ~*~*~tactically~*~*~ (stealth).
 21418 | D:11     | 21418 ||| INVOKING Berserk.
 21558 | D:11     | 21558 ||| Stepping ~*~*~tactically~*~*~ (stealth).
 21726 | D:11     | 21726 ||| Stepping ~*~*~tactically~*~*~ (stealth).
 21729 | D:11     | Found a sacrificial altar of Ru.
 21732 | D:11     | 21732 ||| Stepping ~*~*~tactically~*~*~ (stealth).
 21734 | D:11     | 21734 ||| Stepping ~*~*~tactically~*~*~ (stealth).
 22258 | D:11     | 22258 ||| PLANNING D
 22274 | D:12     | 22274 ||| READING scroll of enchant armour.
 22274 | D:12     | 22274 ||| ENCHANTING +0 pair of gloves.
 22402 | D:12     | 22402 ||| Stepping ~*~*~tactically~*~*~ (stealth).
 22403 | D:12     | 22403 ||| Stepping ~*~*~tactically~*~*~ (stealth).
 22409 | D:12     | Reached skill level 12 in Armour
 22533 | D:12     | Reached XP level 14. HP: 127/127 MP: 13/13
 22540 | D:12     | Reached ***** piety under Trog
 22597 | D:12     | Found a portal to a secret trove of treasure.
 22646 | D:12     | Found a staircase to the Orcish Mines.
 22845 | D:12     | 22845 ||| Stepping ~*~*~tactically~*~*~ (hiding).
 23076 | D:13     | 23076 ||| PLANNING GAUNTLET
 23097 | D:13     | 23097 ||| INVOKING Brothers in Arms.
 23099 | D:13     | 23099 ||| SWAPPING to +0 morningstar.
 23101 | D:13     | 23101 ||| INVOKING Berserk.
 23107 | D:13     | 23107 ||| SWAPPING to +8 broad axe of Truncation {freeze,
                  | Fly rF+ Will+ Str+3}.
 23128 | D:13     | 23128 ||| FLEEEEING.
 23133 | D:13     | 23133 ||| FLEEEEING.
 23134 | D:13     | 23134 ||| FLEEEEING.
 23135 | D:13     | 23135 ||| FLEEEEING.
 23136 | D:13     | 23136 ||| FLEEEEING.
 23137 | D:13     | 23137 ||| STAIRDANCE
 23418 | D:13     | 23418 ||| INVOKING Berserk.
 23577 | D:13     | 23577 ||| RIP GAUNTLET
 23615 | D:13     | 23615 ||| PLANNING D
 23799 | D:13     | 23799 ||| INVOKING Brothers in Arms.
 23801 | D:13     | 23801 ||| SWAPPING to +0 morningstar.
 23802 | D:13     | 23802 ||| INVOKING Berserk.
 23811 | D:13     | 23811 ||| SWAPPING to +8 broad axe of Truncation {freeze,
                  | Fly rF+ Will+ Str+3}.
 24531 | D:14     | 24531 ||| INVOKING Berserk.
 24551 | D:14     | 24551 ||| READING 9 scrolls of teleportation.
 24555 | D:14     | 24555 ||| FLEEEEING.
 24556 | D:14     | 24556 ||| FLEEEEING.
 24557 | D:14     | 24557 ||| FLEEEEING.
 24558 | D:14     | 24558 ||| FLEEEEING.
 24559 | D:14     | 24559 ||| FLEEEEING.
 24560 | D:14     | 24560 ||| FLEEEEING.
 24561 | D:14     | 24561 ||| FLEEEEING.
 24562 | D:14     | 24562 ||| FLEEEEING.
 24563 | D:14     | 24563 ||| FLEEEEING.
 24564 | D:14     | 24564 ||| FLEEEEING.
 24567 | D:14     | 24567 ||| FLEEEEING.
 24568 | D:14     | 24568 ||| FLEEEEING.
 24573 | D:14     | 24573 ||| STAIRDANCE
 24671 | D:14     | 24671 ||| INVOKING Berserk.
 24820 | D:14     | Found a gate to the Vaults.
 24886 | D:14     | 24886 ||| Stepping ~*~*~tactically~*~*~ (stealth).
 24894 | D:14     | 24894 ||| INVOKING Berserk.
 24967 | D:14     | 24967 ||| Stepping ~*~*~tactically~*~*~ (stealth).
 25248 | D:14     | 25248 ||| Stepping ~*~*~tactically~*~*~ (hiding).
 25576 | D:14     | 25576 ||| DROPPING +6 ring of intelligence.
 25610 | D:15     | Entered Level 15 of the Dungeon
 25638 | D:15     | 25638 ||| Stepping ~*~*~tactically~*~*~ (stealth).
 25772 | D:15     | 25772 ||| Stepping ~*~*~tactically~*~*~ (hiding).
 26116 | D:15     | Found a staircase to the Depths.
 26116 | D:15     | Noticed a stone giant
 26121 | D:15     | 26121 ||| INVOKING Berserk.
 26125 | D:15     | Killed a stone giant
 26422 | D:15     | Reached skill level 6 in Dodging
 26492 | D:15     | 26492 ||| PLANNING ORC
 26615 | Orc:1    | Entered Level 1 of the Orcish Mines
 26648 | Orc:1    | Noticed Erica
 26652 | Orc:1    | 26652 ||| INVOKING Berserk.
 26656 | Orc:1    | Killed Erica
 26882 | Orc:1    | 26882 ||| INVOKING Trog's Hand.
 26892 | Orc:1    | 26892 ||| INVOKING Berserk.
 27090 | Orc:1    | 27090 ||| Stepping ~*~*~tactically~*~*~ (stealth).
 27091 | Orc:1    | 27091 ||| Stepping ~*~*~tactically~*~*~ (stealth).
 27093 | Orc:1    | 27093 ||| Stepping ~*~*~tactically~*~*~ (hiding).
 27094 | Orc:1    | 27094 ||| Stepping ~*~*~tactically~*~*~ (hiding).
 27309 | Orc:1    | 27309 ||| Stepping ~*~*~tactically~*~*~ (stealth).
 27310 | Orc:1    | 27310 ||| Stepping ~*~*~tactically~*~*~ (stealth).
 27313 | Orc:1    | 27313 ||| Stepping ~*~*~tactically~*~*~ (hiding).
 27314 | Orc:1    | 27314 ||| Stepping ~*~*~tactically~*~*~ (hiding).
 27317 | Orc:1    | 27317 ||| INVOKING Trog's Hand.
 27318 | Orc:1    | 27318 ||| INVOKING Berserk.
 27323 | Orc:1    | Reached skill level 15 in Fighting
 27536 | Orc:2    | Entered Level 2 of the Orcish Mines
 27572 | Orc:2    | Found a staircase to the Elven Halls.
 27586 | Orc:2    | 27586 ||| Stepping ~*~*~tactically~*~*~ (stealth).
 27592 | Orc:2    | 27592 ||| Stepping ~*~*~tactically~*~*~ (stealth).
 27680 | Orc:2    | 27680 ||| INVOKING Berserk.
 27788 | Orc:2    | Found Gath's Magic Scroll Shoppe.
 27793 | Orc:2    | 27793 ||| BUYING scroll of teleportation (51 gold).
 27793 | Orc:2    | Bought a scroll of teleportation for 51 gold pieces
 27889 | Orc:2    | 27889 ||| Stepping ~*~*~tactically~*~*~ (stealth).
 27892 | Orc:2    | 27892 ||| Stepping ~*~*~tactically~*~*~ (stealth).
 27910 | Orc:2    | 27910 ||| FLEEEEING.
 27919 | Orc:2    | 27919 ||| STAIRDANCE
 27996 | Orc:2    | 27996 ||| Stepping ~*~*~tactically~*~*~ (stealth).
 27997 | Orc:2    | 27997 ||| Stepping ~*~*~tactically~*~*~ (stealth).
 27999 | Orc:2    | 27999 ||| Stepping ~*~*~tactically~*~*~ (hiding).
 28062 | Orc:2    | 28062 ||| INVOKING Trog's Hand.
 28065 | Orc:2    | 28065 ||| INVOKING Berserk.
 28067 | Orc:2    | Reached XP level 15. HP: 141/141 MP: 14/14
 28111 | Orc:2    | 28111 ||| FLEEEEING.
 28112 | Orc:2    | 28112 ||| FLEEEEING.
 28146 | Orc:2    | 28146 ||| Stepping ~*~*~tactically~*~*~ (stealth).
 28278 | Orc:2    | 28278 ||| Stepping ~*~*~tactically~*~*~ (hiding).
 28281 | Orc:2    | 28281 ||| FLEEEEING.
 28282 | Orc:2    | 28282 ||| FLEEEEING.
 28283 | Orc:2    | 28283 ||| FLEEEEING.
 28284 | Orc:2    | 28284 ||| FLEEEEING.
 28285 | Orc:2    | 28285 ||| FLEEEEING.
 28297 | Orc:2    | 28297 ||| FLEEEEING.
 28308 | Orc:2    | 28308 ||| FLEEEEING.
 28310 | Orc:2    | 28310 ||| Stepping ~*~*~tactically~*~*~ (hiding).
 28311 | Orc:2    | 28311 ||| Stepping ~*~*~tactically~*~*~ (hiding).
 28313 | Orc:2    | 28313 ||| Stepping ~*~*~tactically~*~*~ (hiding).
 28357 | Orc:2    | 28357 ||| Stepping ~*~*~tactically~*~*~ (stealth).
 28358 | Orc:2    | 28358 ||| Stepping ~*~*~tactically~*~*~ (stealth).
 28407 | Orc:2    | 28407 ||| Stepping ~*~*~tactically~*~*~ (hiding).
 28408 | Orc:2    | 28408 ||| Stepping ~*~*~tactically~*~*~ (hiding).
 28455 | Orc:2    | Found Gudycryps's Antique Weapon Shoppe.
 28460 | Orc:2    | Found Adidim's Antique Armour Emporium.
 28471 | Orc:2    | 28471 ||| BUYING pair of embroidered gloves (225 gold).
 28471 | Orc:2    | Bought a pair of embroidered gloves for 225 gold pieces
 28471 | Orc:2    | 28471 ||| BUYING shiny plate armour (780 gold).
 28471 | Orc:2    | Bought a shiny plate armour for 780 gold pieces
 28536 | Orc:2    | 28536 ||| Stepping ~*~*~tactically~*~*~ (stealth).
 28542 | Orc:2    | 28542 ||| INVOKING Berserk.
 28563 | Orc:2    | Noticed an orc warlord
 28564 | Orc:2    | 28564 ||| Stepping ~*~*~tactically~*~*~ (stealth).
 28565 | Orc:2    | 28565 ||| Stepping ~*~*~tactically~*~*~ (stealth).
 28586 | Orc:2    | 28586 ||| Stepping ~*~*~tactically~*~*~ (stealth).
 28592 | Orc:2    | 28592 ||| INVOKING Brothers in Arms.
 28597 | Orc:2    | 28597 ||| INVOKING Berserk.
 28601 | Orc:2    | Killed an orc warlord
 28691 | Orc:2    | Found Pumat's Antique Weapon Emporium.
 28837 | Orc:2    | 28837 ||| PLANNING SNAKE:1-3
 28837 | Orc:2    | 28837 ||| UPGRADING to +3 plate armour of cold resistance.
 28847 | Orc:2    | 28847 ||| DROPPING +1 chain mail of fire resistance.
 28848 | Orc:2    | 28848 ||| DROPPING +0 plate armour.
 28849 | Orc:2    | 28849 ||| UPGRADING to +2 pair of gloves of hurling.
 28859 | Orc:2    | 28859 ||| DROPPING +1 pair of gloves.
 29210 | Snake:1  | Entered Level 1 of the Snake Pit
 29298 | Snake:1  | 29298 ||| INVOKING Berserk.
 29410 | Snake:1  | 29410 ||| READING scroll of enchant armour.
 29410 | Snake:1  | 29410 ||| ENCHANTING +1 pair of boots.
 29428 | Snake:1  | 29428 ||| INVOKING Berserk.
 29561 | Snake:1  | 29561 ||| INVOKING Berserk.
 29567 | Snake:1  | Reached skill level 9 in Throwing
 29577 | Snake:1  | 29577 ||| INVOKING Brothers in Arms.
 29578 | Snake:1  | 29578 ||| INVOKING Brothers in Arms.
 29582 | Snake:1  | Reached skill level 15 in Shields
 29583 | Snake:1  | HP: 35/141 [naga/+1 vorpal hand axe (1)]
 29584 | Snake:1  | 29584 ||| READING 9 scrolls of teleportation.
 29584 | Snake:1  | HP: 17/141 [naga/+1 vorpal hand axe (2)]
 29584 | Snake:1  | HP: 5/141 [naga sharpshooter/bolt (12)]
 29585 | Snake:1  | 29585 ||| DRINKING 2 potions of heal wounds.
 29585 | Snake:1  | Slain by a naga

Levels and vault maps discovered:
D:1:      lordsloth_arrival_two_stooges, layout_loops_ring, minivault_27,
          serial_bayou_lagoon_a, st_stairs_10
D:2:      layout_loops_ring, chequers_arboretum, solitary_fountain,
          serial_park_tiny_pond, minmay_misc_feat_room
D:3:      layout_basic, old_standard_altar, gammafunk_ghost_arena
D:4:      layout_basic, dk_xom_monty_hall, minmay_temple_entry_ruins
D:5:      minmay_general_purpose_star, layout_basic, minmay_misc_feat_tower,
          uniq_eustachio
D:6:      corexii_shack_village, layout_cave_pools,
          lemuel_coloured_pillars_altar, gammafunk_ghost_icy, amethyst_killhole,
          nrook_pool_corridor, grunt_tough_drop
D:7:      layout_loops_ring, nicolae_elyvilon_peaceful_grove,
          mainiacjoe_overflow_catwalk, minmay_circle_x
D:8:      layout_gridville, mainiacjoe_overflow_six_doors_small,
          cheibrodos_ashenzari_chains, enter_bailey_5, serial_shops,
          nicolae_shop_stone
D:9:      layout_loops_ring, kennysheep_mini, old_standard_altar
D:10:     layout_stronghold, hangedman_abyss_or_decor_passed
D:11:     layout_loops_corners, nicolae_ru_great_annihilating_truth
D:12:     layout_layer_cave, orc_0_dummy, nicolae_trove_entry_crossroad,
          roderic_roman_lattice
D:13:     layout_stronghold, gauntlet_entry_generic
D:14:     layout_basic, david_vaults_5, nicolae_benzene_ring
D:15:     grunt_enter_depths_giant_problem, layout_irregular_city
Lair:1:   layout_hall_layers, nicolae_quartered_pool_super,
          hangedman_lair_unloving_vines, cheibrodos_lair_caveside_slide
Lair:2:   layout_big_grid, elwin_shoals_entry_rocks, grunt_megastairs_5,
          serial_bayou_shore_a
Lair:3:   layout_cave_pods, minmay_snake_entry_guardpost_small,
          serial_bayou_shore_b
Lair:4:   layout_regular_city, slime_entry_1, grunt_megastairs_2,
          lemuel_fruit_tree, uniq_kirke, uniq_nessos
Lair:5:   evilmike_catoblepas_cave, layout_regular_city, grunt_megastairs_4
Snake:1:  layout_cave_shapes, minmay_shop_star
Orc:1:    cheibrodos_orc_guarddog, layout_caves, nicolae_orc_rockfall,
          uniq_erica
Orc:2:    grunt_orc_community_town_hall, layout_caves,
          grunt_orc_community_big_house_2, grunt_orc_community_big_house_2,
          grunt_orc_community_house_2, grunt_orc_community_house_1,
          grunt_orc_community_house_2, grunt_orc_community_house_2

Skill      XL: |  1  2  3  4  5  6  7  8  9 10 11 12 13 14 15 |
---------------+----------------------------------------------+-----
Axes           | 4 5 6 7 8 9 10 12 14 16 18 | 18.0
Fighting       | 4 5 6 7 8 9 11 12 15 | 15.0
Armour         | 3 4 5 7 9 10 12 13 14 | 14.0
Throwing       | 2 3 4 7 8 9 |  9.0
Shields        | 4 9 10 11 13 14 15 | 15.0
Dodging        | 3 4 5 6 |  6.1

Action                   |  1- 3 |  4- 6 |  7- 9 | 10-12 | 13-15 || total
-------------------------+-------+-------+-------+-------+-------++-------
Melee: Hand axe          |    61 |   128 |   216 |       |       ||   405
       Headbutt          |     7 |    18 |    51 |    53 |   112 ||   241
       Punch             |       |       |     3 |       |       ||     3
       War axe           |       |       |    47 |   102 |       ||   149
       Broad axe         |       |       |       |   238 |   508 ||   746
       Morningstar       |       |       |       |       |     6 ||     6
Throw: Boomerang         |       |     3 |    38 |    19 |    42 ||   102
       Javelin           |       |       |    16 |    55 |   108 ||   179
Invok: Berserk           |     2 |     6 |     9 |    23 |    29 ||    69
       Trog's Hand       |       |       |       |     1 |     3 ||     4
       Brothers in Arms  |       |       |       |       |     5 ||     5
  Use: Scroll            |     5 |    11 |     8 |     9 |     5 ||    38
       Potion            |       |     2 |     3 |     1 |     1 ||     7
 Stab: Paralysed         |       |       |       |       |     1 ||     1
       Distracted        |       |       |       |       |     1 ||     1
Armor: Animal skin       |     5 |       |       |       |       ||     5
       Scale mail        |     3 |    29 |       |       |       ||    32
       Chain mail        |       |       |    63 |       |       ||    63
       Plate armour      |       |       |     2 |   159 |   162 ||   323
Dodge: Dodged            |    22 |    61 |    90 |   146 |   166 ||   485
Block: Kite shield       |       |       |    46 |   131 |   215 ||   392

Table legend:
 A = Non-vault XP
 B = Vault XP
 C = Vault XP percentage of total XP
 D = Non-vault monster count
 E = Vault monster count
 F = Vault count percentage of total count
                 A         B        C        D         E       F
            +---------+---------+-------+---------+---------+-------
      Total |   88831 |   27887 |  23.9 |     453 |     151 |  25.0
            +---------+---------+-------+---------+---------+-------
        D:1 |      36 |       5 |  12.2 |      23 |       3 |  11.5
        D:2 |      80 |       0 |   0.0 |      18 |       0 |   0.0
        D:3 |     117 |       0 |   0.0 |      17 |       0 |   0.0
        D:4 |     321 |      44 |  12.1 |      27 |       2 |   6.9
        D:5 |     496 |     574 |  53.6 |      19 |       7 |  26.9
        D:6 |     370 |     350 |  48.6 |       4 |      15 |  78.9
        D:7 |    1222 |       8 |   0.7 |      14 |       1 |   6.7
        D:8 |     620 |       7 |   1.1 |      11 |       4 |  26.7
        D:9 |    3759 |       0 |   0.0 |      41 |       0 |   0.0
       D:10 |    4086 |       0 |   0.0 |      15 |       0 |   0.0
       D:11 |    4017 |       6 |   0.1 |      19 |       4 |  17.4
       D:12 |    4025 |       0 |   0.0 |      15 |       0 |   0.0
       D:13 |    6194 |       0 |   0.0 |      12 |       0 |   0.0
       D:14 |    8069 |    1862 |  18.7 |      21 |       3 |  12.5
       D:15 |    7994 |    1092 |  12.0 |      19 |       1 |   5.0
     Lair:1 |    4018 |       0 |   0.0 |      20 |       0 |   0.0
     Lair:2 |    9316 |       0 |   0.0 |      33 |       0 |   0.0
     Lair:3 |    5229 |     486 |   8.5 |      21 |       3 |  12.5
     Lair:4 |    6334 |    6623 |  51.1 |      26 |      19 |  42.2
     Lair:5 |    2926 |   11341 |  79.5 |       9 |      25 |  73.5
    Snake:1 |    8967 |       0 |   0.0 |      18 |       0 |   0.0
      Orc:1 |    4602 |    1345 |  22.6 |      28 |       4 |  12.5
      Orc:2 |    6033 |    4144 |  40.7 |      23 |      60 |  72.3
            +---------+---------+-------+---------+---------+-------
